 Dungeon Crawl Stone Soup version 0.29.1-12-g30fa7ad0bf (webtiles) character file.

Game seed: 1878212871280751982

1133 wingedge the Cleaver (level 8, 0/73 HPs)
             Began as a Hill Orc Fighter on Jan 8, 2023.
             Was a Follower of Okawaru.
             Slain by an orc warrior
             ... wielding a +0 hand axe
              (6 damage)
             ... on level 6 of the Dungeon.
             The game lasted 00:10:38 (7383 turns).

wingedge the Cleaver (Hill Orc Fighter)             Turns: 7383, Time: 00:10:39

Health: 0/73       AC:  8    Str: 19    XL:     8   Next: 36%
Magic:  9/10       EV: 11    Int:  8    God:    Okawaru [*.....]
Gold:   230        SH:  6    Dex: 12    Spells: 7/7 levels left

rFire   . . .      SeeInvis .   a - +0 war axe
rCold   . . .      Faith    .   c - +0 buckler
rNeg    . . .      Spirit   .   b - +0 scale mail
rPois   .          Reflect  .   (no helmet)
rElec   .          Harm     .   (no cloak)
rCorr   .          Rampage  .   (no gloves)
Will    .....                   (no boots)
Stlth   +.........              (no amulet)
HPRegen 0.22/turn               (no ring)
MPRegen 0.12/turn               (no ring)

@: heroic
A: no striking features
a: Renounce Religion, Heroism


You were on level 6 of the Dungeon.
You worshipped Okawaru.
Okawaru was aware of your devotion.
You visited 2 branches of the dungeon, and saw 7 of its levels.

You collected 230 gold pieces.

Inventory:

Hand Weapons
 a - a +0 war axe (weapon)
 h - a +2 flail of holy wrath
Missiles
 o - 3 poisoned darts
 p - a boomerang (quivered)
 q - 2 silver boomerangs
Armour
 b - a +0 scale mail (worn)
 c - a +0 buckler (worn)
Magical Staves
 x - a staff of air
Scrolls
 e - a scroll of immolation {unknown}
 f - 3 scrolls of identify {unknown}
 g - 3 scrolls of amnesia {unknown}
 i - a scroll of silence {unknown}
 j - a scroll of enchant weapon {unknown}
 l - a scroll of blinking {unknown}
 s - 4 scrolls of enchant armour {unknown}
 v - a scroll of teleportation {unknown}
 w - a scroll of acquirement {unknown}
 y - a scroll of vulnerability {unknown}
 A - a scroll of fog {unknown}
Potions
 d - a potion of might
 k - 3 potions of degeneration {unknown}
 m - a potion of ambrosia {unknown}
 n - a potion of mutation {unknown}
 r - 2 potions of curing {unknown}
 t - a potion of magic {unknown}
 u - a potion of brilliance {unknown}
 z - a potion of heal wounds {unknown}


   Skills:
 - Level 7.0(12.0) Fighting
 - Level 8.0(13.0) Axes
 - Level 3.0(8.0) Throwing
 + Level 5.4(10.4) Armour
 - Level 3.2(8.2) Shields
 - Level 3.0 Invocations


You had 7 spell levels left.
You didn't know any spells.
Your spell library contained the following spells:

 Spells                   Type           Power      Damage    Failure   Level
 Gell's Gravitas          Tloc           0%         N/A       98%         3
 Lesser Beckoning         Tloc           0%         N/A       98%         3
 Teleport Other           Tloc           0%         N/A       98%         3


Dungeon Overview and Level Annotations

Branches:
Dungeon (6/15)             Temple (1/1) D:4

Altars:
Ashenzari
Cheibriados
Dithmenos
Elyvilon
Fedhas
Hepliaklqana
Kikubaaqudgha
Makhleb
Nemelex Xobeh
Okawaru
Qazlal
Ru
Sif Muna
Trog
Uskayaw
Vehumet
Wu Jian
Xom
Yredelemnul
Zin

Shops:
D:1 [   D:5 =


Message History

The orc wizard hits you but does no damage.
The orc wizard casts a spell.
The orc wizard flickers and vanishes!
Deactivating autopickup; reactivate with Ctrl-A.
You block the orc wizard's attack. The orc warrior closely misses you.
Unknown command.
You hit the orc wizard but do no damage.
You barely miss the orc wizard.
You hit the orc warrior but do no damage.
The orc wizard barely misses you. The orc wizard closely misses you.
The orc warrior hits you with a +0 hand axe!
* * * LOW HITPOINT WARNING * * *
Unknown command.
You slash the orc wizard!
You kill the orc wizard!
Okawaru accepts your kill.
You hit the orc wizard but do no damage.
You barely miss the orc warrior.
Unknown command.
You hit the orc wizard but do no damage.
You barely miss the orc warrior.
The orc warrior hits you with a +0 hand axe!
* * * LOW HITPOINT WARNING * * *
You block the orc wizard's attack.
An adder comes into view.
Unknown command.
You closely miss the orc warrior.
The orc warrior is almost dead.
You closely miss the orc wizard.
The orc warrior hits you with a +0 hand axe.
* * * LOW HITPOINT WARNING * * *
The orc wizard hits you but does no damage.
Okay, then.
Unknown command.
Okay, then.
You hit the orc warrior.
The orc warrior is almost dead.
You slash the orc wizard!
The orc warrior hits you with a +0 hand axe.
You die...

.... .... #...
. ... .. ##S##
... #...# ....
. ##.)# ....
...####..@#..#
.......#.oo..#
.##...<...##
###.##...# ###
...... ....#..
..### . ...
...#


You could see an orc warrior, an orc wizard and an adder.

Vanquished Creatures
  A steam dragon (D:5)
  3 black bears
  2 bullfrogs (D:5)
  2 scorpions (D:6)
  A gnoll bouda (D:5)
  4 hounds
  3 orc wizards
  11 gnolls
  5 adders
  2 white imps (D:5)
  An ufetubus (D:6)
  A worm (D:2)
  3 dart slugs
  14 orcs
  5 endoplasms
  3 giant cockroaches
  6 goblins
  7 hobgoblins
  6 jackals
  6 kobolds
  6 quokkas
  12 ball pythons
  4 bats
  4 frilled lizards
  A rat (D:1)
113 creatures vanquished.

Vanquished Creatures (others)
  A fungus (D:1)
  A plant (D:1)
2 creatures vanquished.

Grand Total: 115 creatures vanquished

Notes
Turn   | Place    | Note
-------+----------+-------------------------------------------
     0 | D:1      | wingedge the Hill Orc Fighter began the quest for the Orb.
     0 | D:1      | Reached XP level 1. HP: 19/19 MP: 1/1
   304 | D:1      | Found Giber's Antique Armour Boutique.
   535 | D:1      | Reached XP level 2. HP: 26/27 MP: 2/2
   884 | D:1      | Reached skill level 5 in Fighting
   884 | D:1      | Reached XP level 3. HP: 28/36 MP: 3/3
  1008 | D:1      | Found a faded altar of an unknown god.
  1131 | D:1      | Reached skill level 3 in Axes
  1494 | D:2      | Found an iron altar of Okawaru.
  1505 | D:2      | Became a worshipper of Warmaster Okawaru
  1735 | D:2      | Reached skill level 4 in Axes
  1914 | D:2      | Reached XP level 4. HP: 42/42 MP: 4/4
  2744 | D:3      | Reached XP level 5. HP: 38/48 MP: 5/5
  2859 | D:3      | Reached skill level 1 in Throwing
  2956 | D:3      | Found a blossoming altar of Fedhas.
  3176 | D:3      | Reached skill level 5 in Axes
  3806 | D:4      | Found a staircase to the Ecumenical Temple.
  3819 | Temple   | Entered the Ecumenical Temple
  3945 | D:4      | Found a sacrificial altar of Ru.
  4138 | D:4      | Reached XP level 6. HP: 56/57 MP: 6/6
  4467 | D:4      | Noticed a black bear
  4471 | D:4      | Killed a black bear
  5256 | D:5      | Entered Level 5 of the Dungeon
  5264 | D:5      | Reached skill level 6 in Axes
  5505 | D:5      | Reached * piety under Okawaru
  5506 | D:5      | Reached skill level 1 in Invocations
  5506 | D:5      | Reached XP level 7. HP: 46/64 MP: 6/8
  6084 | D:5      | Found Corgh's Jewellery Emporium.
  6424 | D:5      | Reached skill level 7 in Axes
  6888 | D:6      | Noticed a steam dragon
  6900 | D:5      | Reached skill level 8 in Axes
  6900 | D:5      | Reached XP level 8. HP: 33/73 MP: 8/10
  7096 | D:6      | Reached skill level 5 in Armour
  7383 | D:6      | Slain by an orc warrior

Illustrated notes

Levels and vault maps discovered:
D:1:      giann_horns, layout_loops_ring,
          dreamdust_ecumenical_altar_hidden_monk_grotto, serial_shops,
          nicolae_square_shop
D:2:      layout_basic, basic_altar, minmay_misc_feat_alley
D:3:      layout_loops_ring, mainiacjoe_overflow_brackets
D:4:      layout_layer_cave, nicolae_ru_awakened_eye, minmay_temple_entry_ruins
D:5:      layout_layer_cave, serial_shops, nicolae_shop_waterfront
D:6:      layout_cave_pools, uniq_edmund
Temple:   nicolae_temple_no_exploring_needed

Skill      XL: |  1  2  3  4  5  6  7  8 |
---------------+-------------------------+-----
Fighting       | 4 5 6 7 |  7.0
Axes           | 4 5 6 8 |  8.0
Throwing       | 1 2 3 |  3.0
Invocations    | 1 3 |  3.0
Armour         | 5 |  5.4
Shields        | |  3.2

Action                   |  1- 3 |  4- 6 |  7- 9 || total
-------------------------+-------+-------+-------++-------
Melee: War axe           |   135 |   137 |    87 ||   359
Invok: Heroism           |       |       |     4 ||     4
  Use: Potion            |       |     1 |     1 ||     2
Armor: Scale mail        |    52 |    41 |    37 ||   130
Dodge: Dodged            |    61 |    66 |    60 ||   187
Block: Buckler           |    26 |    40 |    23 ||    89
